 Dungeon Crawl Stone Soup version 0.26.1-11-gd32895ea62 (webtiles) character file.

Game seed: 2872419399857776800

3528 nothank2 the Carver (level 9, 0/67 HPs)
             Began as a Minotaur Fighter on June 23, 2021.
             Was a Believer of Hepliaklqana.
             Splashed by Maurice's acid (15 damage)
             ... on level 9 of the Dungeon.
             The game lasted 00:19:57 (9087 turns).

nothank2 the Carver (Minotaur Fighter)              Turns: 9087, Time: 00:19:59

Health: 0/67       AC: 11    Str: 24    XL:     9   Next: 82%
Magic:  8/8        EV:  9    Int: 11    God:    Hepliaklqana [**....]
Gold:   0          SH: 11    Dex: 10    Spells: 8/8 levels left

rFire    . . .     SeeInvis .   a - +1 long sword
rCold    . . .     Faith    .   c - +1 kite shield
rNeg     + . .     Spirit   .   F - +3 scale mail {rN+}
rPois    .         Reflect  .   (helmet restricted)
rElec    .         Harm     .   u - scarf {repulsion}
rCorr    .         Rampage  .   J - +2 pair of gloves
Will     .....                  f - +0 pair of boots
Stlth    ..........             (no amulet)
HPRegen  0.21/turn              o - +6 ring of intelligence
MPRegen  0.11/turn              I - ring of wizardry

@: corroded, repel missiles
A: retaliatory headbutt, reduced essence, horns 2
a: Renounce Religion, Recall Ancestor, Ancestor Identity


You were on level 9 of the Dungeon.
You worshipped Hepliaklqana.
Hepliaklqana was pleased with you.
You visited 2 branches of the dungeon, and saw 10 of its levels.

You collected 175 gold pieces.
You spent 175 gold pieces at shops.

Inventory:

Hand Weapons
 a - a +1 long sword (weapon)
 D - the +1 spear of Indomitability {vorpal, Dex+4, unknown}
   (You found it on level 7 of the Dungeon)

   It inflicts extra damage upon your enemies.
   It affects your dexterity (+4).
Missiles
 z - 2 boomerangs (quivered)
Armour
 b - a +0 scale mail
 c - a +1 kite shield (worn)
 f - a +0 pair of boots (worn)
 u - a scarf of repulsion (worn)
 F - a +3 scale mail of positive energy (worn)
 J - a +2 pair of gloves (worn)
Jewellery
 o - a +6 ring of intelligence (left hand)
 I - a ring of wizardry (right hand)
Wands
 m - a wand of paralysis (5)
 q - a wand of polymorph (19)
 y - a wand of acid (10)
 B - a wand of iceblast (13)
Scrolls
 e - 3 scrolls of amnesia
 g - 12 scrolls of identify
 h - a scroll of teleportation
 p - 2 scrolls of remove curse
 r - a scroll of magic mapping
 t - a scroll of fog
 v - 2 scrolls of enchant weapon
 w - a scroll of enchant armour
 C - a scroll of fear
Potions
 d - 5 potions of might
 i - a potion of magic {unknown}
 j - 2 potions of brilliance {unknown}
 k - 8 potions of curing
 l - a potion of ambrosia {unknown}
 n - 4 potions of heal wounds {unknown}
 s - a potion of berserk rage {unknown}
 x - a potion of haste {unknown}
 A - 3 potions of invisibility {unknown}
 E - a potion of cancellation {unknown}
 G - a potion of attraction {unknown}
 H - a potion of flight {unknown}


   Skills:
 + Level 6.2 Fighting
 - Level 13.1 Long Blades
 - Level 0.5 Throwing
 + Level 7.3 Armour
 + Level 2.3 Dodging
 + Level 6.3 Shields


You had 8 spell levels left.
You didn't know any spells.
Your spell library contained the following spells:

 Spells                   Type           Power        Failure   Level
 Animate Skeleton         Necr           0%           65%         1
 Pain                     Necr           0%           65%         1
 Vampiric Draining        Necr           0%           94%         3
 Animate Dead             Necr           0%           100%        4
 Agony                    Necr           0%           100%        5


Dungeon Overview and Level Annotations

Branches:
Dungeon (9/15)             Temple (1/1) D:7
   Lair: D:8-11         Orc: D:9-12

Altars:
Ashenzari
Cheibriados
Dithmenos
Elyvilon
Fedhas
Gozag
Hepliaklqana
Kikubaaqudgha
Makhleb
Okawaru
Qazlal
Ru
Sif Muna
Trog
Uskayaw
Wu Jian
Yredelemnul
The Shining One

Shops:
D:8 *

Annotations:
D:9 Maurice


Innate Abilities, Weirdness & Mutations

You reflexively headbutt those who attack you in melee.
You have a pair of horns on your head.
Your life essence is reduced to manifest your ancestor. (-10% HP)


Message History

Maurice puts on a burst of speed!
The big kobold throws a stone.
The stone hits you but does no damage.
You slash the big kobold!
You kill the big kobold!
The kobold demonologist casts a spell.
You hit the kobold.
You kill the kobold!
You swap places.
The big kobold throws a stone.
The stone hits you. You block Maurice's attack.
Yamquzzuhalamma closely misses the kobold.
Things that are here:
a stone; a big kobold corpse You closely miss Maurice.
Your headbutt misses Maurice.
Maurice is moderately wounded.
You block the sixfirhy's attack.
The sixfirhy hits you but does no damage.
Maurice zaps a wand.
The bolt of acid hits you!!
* * * LOW HITPOINT WARNING * * *
The acid corrodes you!
You are splashed with acid!
You die... ...#........ ........... .......>... .......... ############ #KK....... ...........## KK.......

............####3@......
.............##R@#....
.......................#
........?......#......##
...........(...#.....##
................#....#
.>!.............##..##
#................#(.#
.........(.......##.#
).................


You could see the friendly Yamquzzuhalamma the hexer, Maurice (swift), a kobold
demonologist, a sixfirhy (summoned), a big kobold and 2 kobolds.

Vanquished Creatures
  Joseph (D:7)
  An orc warrior (D:9)
  An ice beast (D:8)
  3 phantoms
  2 ogres
  2 centaurs
  A big kobold (D:9)
  7 bullfrogs
  A scorpion (D:7)
  3 wights (D:9)
  A howler monkey (D:4)
  2 centaur zombies
  3 hounds
  A jelly (D:5)
  2 bullfrog skeletons
  8 orc wizards
  Natasha (thrice) (D:4)
  3 worker ants
  A worker ant zombie (D:3)
  11 adders
  A shadow imp (D:6)
  4 white imps
  An ufetubus (D:8)
  An ooze (D:2)
  3 adder skeletons (D:4)
  3 worms
  A dart slug (D:2)
  2 leopard geckos (D:3)
  25 orcs
  8 bats
  12 giant cockroaches
  4 goblins
  6 hobgoblins
  4 jackals
  3 quokkas
  A ball python (D:3)
  6 frilled lizards
  6 kobolds
  4 rats
152 creatures vanquished.

Vanquished Creatures (collateral kills)
  Psyche (D:8)
  A steam dragon (D:5)
  2 bullfrogs
  A scorpion (D:9)
  2 wights (D:9)
  A jelly (D:7)
  A centaur skeleton (D:6)
  A worker ant (D:8)
  A hound skeleton (D:7)
  An adder (D:8)
  2 orcs
  A quokka (D:7)
  A quokka skeleton (D:6)
16 creatures vanquished.

Vanquished Creatures (others)
  A hexer (D:9)
1 creature vanquished.

Grand Total: 169 creatures vanquished

Notes
Turn   | Place    | Note
-------+----------+-------------------------------------------
     0 | D:1      | nothank2 the Minotaur Fighter began the quest for the Orb.
     0 | D:1      | Reached XP level 1. HP: 19/19 MP: 0/0
   150 | D:1      | Reached skill level 3 in Long Blades
   201 | D:1      | Reached XP level 2. HP: 22/26 MP: 1/1
  1034 | D:2      | Reached skill level 4 in Long Blades
  1139 | D:2      | Reached XP level 3. HP: 31/31 MP: 2/2
  1393 | D:2      | Found a sacrificial altar of Ru.
  1493 | D:2      | Reached skill level 5 in Long Blades
  1717 | D:3      | Reached XP level 4. HP: 37/39 MP: 3/3
  2001 | D:3      | Reached skill level 6 in Long Blades
  2365 | D:3      | Reached XP level 5. HP: 45/45 MP: 4/4
  2567 | D:4      | Reached skill level 7 in Long Blades
  2761 | D:4      | Reached XP level 6. HP: 39/51 MP: 5/5
  2849 | D:4      | Noticed Natasha
  2870 | D:4      | Killed Natasha
  2885 | D:4      | Reached skill level 8 in Long Blades
  2974 | D:4      | Noticed Natasha
  2985 | D:4      | Killed Natasha
  3087 | D:4      | Noticed Natasha
  3091 | D:4      | Killed Natasha
  3169 | D:4      | Reached skill level 9 in Long Blades
  3173 | D:4      | Reached XP level 7. HP: 43/57 MP: 6/6
  3410 | D:5      | Entered Level 5 of the Dungeon
  3916 | D:5      | You fall into a shaft and drop 2 floors!
  3916 | D:7      | Found a staircase to the Ecumenical Temple.
  3923 | Temple   | Entered the Ecumenical Temple
  3928 | Temple   | Reached skill level 10 in Long Blades
  4062 | Temple   | Became a worshipper of Hepliaklqana the Forgotten
  4503 | D:5      | Noticed a steam dragon
  4514 | D:5      | Killed a steam dragon
  4515 | D:5      | Reached skill level 11 in Long Blades
  4515 | D:5      | Reached XP level 8. HP: 15/57 MP: 7/7
  5201 | D:6      | Reached skill level 12 in Long Blades
  5519 | D:6      | Found a bloodstained altar of Trog.
  5640 | D:6      | Reached * piety under Hepliaklqana
  5843 | D:6      | Reached skill level 13 in Long Blades
  6492 | D:7      | Got a faintly glowing spear
  6645 | D:7      | Noticed Joseph
  6653 | D:7      | Killed Joseph
  6654 | D:7      | Reached skill level 1 in Dodging
  6654 | D:7      | Reached XP level 9. HP: 25/64 MP: 8/8
  7278 | D:7      | Reached skill level 5 in Armour
  7283 | D:7      | Reached ** piety under Hepliaklqana
  7284 | D:7      | Remembered your ancestor Yamquzzuhalamma as a hexer
  7306 | D:7      | Found a burning altar of Makhleb.
  7308 | D:7      | Found a snail-covered altar of Cheibriados.
  7310 | D:7      | Found a hide-covered altar of Uskayaw.
  7396 | D:8      | Found Xuitugh's Assorted Antiques.
  7407 | D:8      | Bought a shiny scale mail for 175 gold pieces
  7607 | D:8      | Reached skill level 5 in Fighting
  7689 | D:8      | Reached skill level 5 in Shields
  8205 | D:9      | Noticed Psyche
  8218 | D:8      | Killed Psyche
  8590 | D:9      | Noticed Maurice
  9080 | D:9      | Noticed a kobold demonologist
  9085 | D:9      | Noticed a sixfirhy
  9087 | D:9      | Splashed by Maurice's acid

Illustrated notes

Levels and vault maps discovered:
D:1:      dpeg_arrival_prison, layout_basic
D:2:      minmay_roachtagon, layout_basic, lemuel_coloured_pillars_altar,
          chequers_serial_rivers_small_b
D:3:      layout_basic
D:4:      layout_rooms, uniq_natasha
D:5:      layout_basic
D:6:      layout_basic, bloody_trog
D:7:      layout_gridville, grunt_temple_overflow_diamond,
          minmay_temple_entry_grid, uniq_joseph
D:8:      layout_loops_ring, serial_shops, nicolae_shop_statue_plus
D:9:      layout_cave_pods, minivault_27, kennysheep_okawaru_gauntlet,
          uniq_maurice, uniq_psyche
Temple:   dpeg_five_rooms_temple

Skill      XL: |  1  2  3  4  5  6  7  8  9 |
---------------+----------------------------+-----
Long Blades    | 3 4 5 6 7 9 11 13 | 13.1
Armour         | 4 7 |  7.3
Fighting       | 4 6 |  6.2
Dodging        | 1 2 |  2.3
Shields        | 4 6 |  6.3
Throwing       | |  0.5

Action                   |  1- 3 |  4- 6 |  7- 9 || total
-------------------------+-------+-------+-------++-------
Melee: Long sword        |    71 |   160 |   307 ||   538
       Headbutt          |    11 |    24 |    58 ||    93
Throw: Boomerang         |       |       |     9 ||     9
Invok: Ancestor Life: He |       |       |     1 ||     1
  Use: Scroll            |       |       |    11 ||    11
 Stab: Distracted        |       |       |     2 ||     2
       Confused          |       |       |     1 ||     1
Armor: Scale mail        |    28 |    62 |    79 ||   169
Dodge: Dodged            |    19 |    46 |    53 ||   118
       Repelled          |       |       |     4 ||     4
Block: Kite shield       |    41 |    75 |   123 ||   239
       Rpst.: Long sword |       |    13 |    11 ||    24
